 Dungeon Crawl Stone Soup version 0.28.0-45-g0d030f2227 (webtiles) character file.

Game seed: 8219338065452326123

823 Eitelfritz the Slasher (level 7, -5/60 HPs)
             Began as a Minotaur Gladiator on Apr 13, 2022.
             Slain by a wyvern zombie (8 damage)
             ... on level 5 of the Dungeon.
             The game lasted 00:07:17 (4430 turns).

Eitelfritz the Slasher (Minotaur Gladiator)         Turns: 4430, Time: 00:07:18

Health: -5/60      AC:  8    Str: 19    XL:     7   Next: 63%
Magic:  6/6        EV: 12    Int:  7    God:
Gold:   122        SH:  0    Dex: 11    Spells: 6/6 levels left

rFire   . . .      SeeInvis .   a - +3 long sword (drain)
rCold   . . .      Faith    .   (no shield)
rNeg    . . .      Spirit   .   i - +0 ring mail
rPois   .          Reflect  .   c - +0 hat
rElec   .          Harm     .   (no cloak)
rCorr   .          Rampage  .   (no gloves)
Will    .....                   k - +1 pair of boots
Stlth   +.........              (no amulet)
HPRegen 0.20/turn               (no ring)
MPRegen 0.10/turn               (no ring)

@: no status effects
A: horns 2, retaliatory headbutt
a: no special abilities


You were on level 5 of the Dungeon.
You visited 1 branch of the dungeon, and saw 5 of its levels.

You collected 152 gold pieces.
You spent 30 gold pieces at shops.

Inventory:

Hand Weapons
 a - a +3 long sword of draining (weapon)
 t - a +0 long sword
Missiles
 d - 3 throwing nets
 j - 3 boomerangs (quivered)
 s - 5 javelins
Armour
 c - a +0 hat (worn)
 i - a +0 ring mail (worn)
 k - a +1 pair of boots (worn)
 v - a +0 chain mail
Jewellery
 w - a ring of ice
Scrolls
 b - 4 scrolls of teleportation
Potions
 e - 2 potions of brilliance
 m - a potion of mutation
 n - 2 potions of heal wounds
 p - a potion of lignification {unknown}
 r - 2 potions of curing
 u - a potion of might {unknown}


   Skills:
 + Level 4.7 Fighting
 + Level 7.7 Long Blades
 + Level 2.4 Throwing
 + Level 4.7 Armour
 + Level 4.4 Dodging
 + Level 1.1 Stealth


You had 6 spell levels left.
You didn't know any spells.
Your spell library contained the following spells:

 Spells                   Type           Power      Damage    Failure   Level
 Apportation              Tloc           0%         N/A       61%         1
 Sublimation of Blood     Necr           0%         N/A       75%         2
 Call Canine Familiar     Summ           0%         N/A       93%         3
 Portal Projectile        Hex/Tloc       0%         N/A       93%         3
 Leda's Liquefaction      Hex/Erth       0%         N/A       100%        4
 Petrify                  Tmut/Erth      0%         N/A       100%        4
 Alistair's Intoxication  Tmut/Pois      0%         N/A       100%        5
 Irradiate                Conj/Tmut      0%         3d13      100%        5


Dungeon Overview and Level Annotations

Branches:
Dungeon (5/15)
 Temple: D:4-7

Altars:
Trog
Xom

Shops:
D:2 *:([


Innate Abilities, Weirdness & Mutations

You have a pair of horns on your head.
You reflexively headbutt those who attack you in melee.


Message History

You hear some strange, mumbled words.
Something tries to affect you, but you resist.
The orc closely misses you.
You hit the orc. You drain the orc.
You kill the orc!
Something hits you but does no damage. Something barely misses you.
You closely miss something. Your headbutt misses something.
Something hits you but does no damage.
You hear some strange, mumbled words.
A magic dart appears from out of thin air!
The magic dart hits you. Something hits you but does no damage.
You closely miss something. Your headbutt misses something.
Something hits you but does no damage.
You hear some strange, mumbled words.
A magic dart appears from out of thin air!
The magic dart hits you. Something hits you but does no damage.
You slash something!
Reactivating autopickup.
You feel a bit more experienced.
You hear some strange, mumbled words.
Deactivating autopickup; reactivate with Ctrl-A.
Something tries to affect you, but you resist.
Something hits you but does no damage.
You barely miss something. The wyvern zombie barely misses you.
Something barely misses you.
You hear some strange, mumbled words.
A magic dart appears from out of thin air!
The magic dart hits you!
* * * LOW HITPOINT WARNING * * *
You barely miss something. The wyvern zombie bites you.
* * * LOW HITPOINT WARNING * * *
Something hits you.
* * * LOW HITPOINT WARNING * * *
Something hits you.
* * * LOW HITPOINT WARNING * * *
The wyvern zombie bites you.
* * * LOW HITPOINT WARNING * * *
You miss something. Something hits you but does no damage.
The wyvern zombie bites you!
You die...

.......##....##
#......<.....## #......
#.......###...##.......
#...#...###...........>
###<.†^.#...# ........#
.###........## .........
.............###........
#.............##{).....#
#..............)@{......
............###Z#)....##
#..........## #.#.......
###.......## ...#.##...
##....... #.###.[ .#
#........ .. ... .
............ ##. .$. ...
..


You could see a wyvern zombie.

Vanquished Creatures
  Grinder (D:3)
  2 ogres
  2 scorpions
  2 water moccasin skeletons (D:4)
  An orc priest (D:5)
  An iguana (D:4)
  2 orc wizards (D:5)
  A hound skeleton (D:5)
  Robin (D:3)
  A howler monkey skeleton (D:4)
  3 adders
  An adder skeleton (D:4)
  2 worms (D:3)
  8 orcs
  5 bats
  10 endoplasms
  4 giant cockroaches
  12 goblins
  7 hobgoblins
  4 jackals (D:1)
  5 quokkas
  8 ball pythons
  A frilled lizard (D:1)
  6 kobolds
  4 rats
94 creatures vanquished.

Vanquished Creatures (others)
  An orc (D:3)
  A hobgoblin (D:3)
  2 kobolds (D:3)
  2 frilled lizards (D:3)
6 creatures vanquished.

Grand Total: 100 creatures vanquished

Notes
Turn   | Place    | Note
-------+----------+-------------------------------------------
     0 | D:1      | Eitelfritz the Minotaur Gladiator began the quest for the
                  | Orb.
     0 | D:1      | Reached XP level 1. HP: 18/18 MP: 0/0
   199 | D:1      | Reached skill level 4 in Long Blades
   201 | D:1      | Reached XP level 2. HP: 19/25 MP: 1/1
   715 | D:1      | Reached XP level 3. HP: 26/30 MP: 2/2
   749 | D:1      | Found a faded altar of an unknown god.
  1342 | D:2      | Found Geha's Book Shop.
  1401 | D:2      | Found Rezaytt's Weapon Boutique.
  1408 | D:2      | Found Fituah's Armour Emporium.
  1413 | D:2      | Found a bloodstained altar of Trog.
  1731 | D:2      | Found Ymeraodo's General Store.
  1740 | D:2      | Bought a scroll of noise for 10 gold pieces
  1740 | D:2      | Bought a scroll of identify for 20 gold pieces
  2052 | D:3      | Noticed Grinder
  2059 | D:3      | Killed Grinder
  2060 | D:3      | Reached skill level 5 in Long Blades
  2060 | D:3      | Reached XP level 4. HP: 18/38 MP: 3/3
  2060 | D:3      | Reached XP level 5. HP: 22/45 MP: 4/4
  2273 | D:3      | Found a shimmering altar of Xom.
  2388 | D:3      | Noticed an ogre
  2417 | D:4      | Reached skill level 6 in Long Blades
  2417 | D:4      | Reached XP level 6. HP: 31/52 MP: 5/5
  3042 | D:4      | Reached skill level 7 in Long Blades
  3042 | D:4      | Reached XP level 7. HP: 47/59 MP: 6/6
  3247 | D:4      | Found a bloodstained altar of Trog.
  4004 | D:3      | Noticed Robin
  4022 | D:3      | Killed Robin
  4386 | D:5      | Entered Level 5 of the Dungeon
  4391 | D:5      | Reached skill level 1 in Stealth
  4429 | D:5      | HP: 3/60 [wyvern zombie (4)]
  4430 | D:5      | Slain by a wyvern zombie

Illustrated notes

Levels and vault maps discovered:
D:1:      eino_arrival_cavern_e, layout_loops_ring,
          hellmonk_ecumenical_altar_inner_sanctum
D:2:      layout_basic, serial_co_window_serial, co_window_corner_a,
          co_window_paths_b, co_window_of_opportunity_a, co_window_corner_a,
          co_window_paths_a, co_window_corner_b, co_window_broadway_c,
          co_window_unsneaky_path_d, co_window_2corner, co_window_4corner_a,
          glass_columns_a, glass_columns_b, basic_altar, serial_shops, shop,
          shop_fountains, nicolae_shop_temple_entry_statues_fountains,
          shop_statue
D:3:      layout_loops_ring, xom_confusion_cloud, grunt_decor_resistance,
          minmay_between, uniq_robin, uniq_grinder
D:4:      layout_loops_ring, trog_hazing_becter, st_stairs_5
D:5:      layout_cave_pools, tso_altar, ebering_ghost_sewer_d,
          lightli_sewer_entry_pipes

Skill      XL: |  1  2  3  4  5  6  7 |
---------------+----------------------+-----
Long Blades    | 4 5 6 7 |  7.7
Fighting       | 3 4 |  4.7
Armour         | 2 3 4 |  4.7
Dodging        | 4 |  4.4
Stealth        | 1 |  1.1
Throwing       | |  2.4

Action                   |  1- 3 |  4- 6 |  7- 9 || total
-------------------------+-------+-------+-------++-------
Melee: Long sword        |    73 |    55 |    72 ||   200
       Headbutt          |     6 |     7 |     7 ||    20
       Punch             |       |     1 |       ||     1
Throw: Javelin           |       |     1 |       ||     1
       Boomerang         |       |       |     6 ||     6
  Use: Scroll            |       |       |    10 ||    10
 Stab: Sleeping          |       |       |     1 ||     1
Armor: Leather armour    |    10 |       |       ||    10
       Ring mail         |    15 |    18 |    42 ||    75
Dodge: Dodged            |    50 |    34 |    49 ||   133
